[Event "K11"]
[Site "?"]
[Date "2024.07.24"]
[Round "6"]
[White "Schimmer, Michael"]
[Black "Rull, Michael"]
[Result "0-1"]
[ECO "B32"]
[WhiteElo "1861"]
[BlackElo "1842"]
[Annotator ",martin-koller@seznam"]
[PlyCount "104"]
[TimeControl "240+2"]

{600MB, Fritz10.ctg} 1. e4 c5 2. Nf3 Nc6 3. d4 cxd4 4. Nxd4 e5 5. Nb5 d6 6. c4
Be7 7. N5c3 Bg5 8. Bxg5 Qxg5 9. Nb5 Qd8 10. Nxd6+ Ke7 11. Nxc8+ Rxc8 12. Nc3
Qa5 13. Qd2 Nf6 14. Bd3 Rhd8 15. Nd5+ Ke6 16. Qxa5 Nxa5 17. b3 b5 18. Rc1 bxc4
19. bxc4 Rc5 20. O-O Rdc8 21. Ne3 Ne8 22. Rc2 g6 23. g3 Nd6 24. Rfc1 f5 25. f3
f4 26. gxf4 exf4 27. Nd5 Ke5 28. Bf1 Naxc4 29. Nb4 Kf6 30. Nd3 Rg5+ 31. Kf2 Rh5
32. e5+ Nxe5 33. Rxc8 Rxh2+ 34. Bg2 Nxd3+ 35. Kg1 Nxc1 36. Rxc1 Rh5 37. Rc6 Rd5
38. Ra6 Rd1+ 39. Bf1 Kg5 40. Rxa7 Nf5 41. Kf2 Rd2+ 42. Ke1 Rh2 43. a4 Nd4 44.
a5 Nxf3+ 45. Kd1 Rh1 46. Ke2 Nd4+ 47. Kf2 Rh2+ 48. Ke1 Nc2+ 49. Kd1 Ne3+ 50.
Ke1 Rh1 51. a6 Rxf1+ 52. Ke2 Ra1 0-1

[Event "K11"]
[Site "?"]
[Date "2024.07.24"]
[Round "6"]
[White "Feierfeil, Jiri"]
[Black "Lampe, Thomas"]
[Result "1-0"]
[ECO "A40"]
[WhiteElo "1738"]
[BlackElo "1926"]
[Annotator ",martin-koller@seznam"]
[PlyCount "81"]
[TimeControl "240+2"]

{600MB, Fritz10.ctg} 1. d4 e5 2. dxe5 d6 3. Nf3 Bg4 4. Bg5 Qd7 5. Nbd2 Nc6 6.
exd6 Bxd6 7. e3 f6 8. Bh4 O-O-O 9. Bb5 Nge7 10. h3 Bh5 11. g4 Bf7 12. Nc4 Bb4+
13. c3 Qe6 14. Ncd2 Bc5 15. Qe2 Ng6 16. Bc4 Qe7 17. Bg3 Rhe8 18. Bxf7 Qxf7 19.
Qc4 Qe7 20. O-O-O Nge5 21. Nxe5 Nxe5 22. Bxe5 Qxe5 23. Nb3 Bd6 24. Rd5 Qe6 25.
Rhd1 c6 26. R5d4 Qe5 27. Qd3 Kc7 28. Qxh7 a5 29. Qxg7+ Re7 30. Qg6 a4 31. Nd2
a3 32. b3 c5 33. Nc4 Qh2 34. R4d2 Be5 35. Qc2 Rf8 36. Nxa3 Qxh3 37. Qf5 Rff7
38. Nb5+ Kc6 39. a4 Qg2 40. Rd6+ Bxd6 41. Rxd6# 1-0

[Event "K12"]
[Site "?"]
[Date "2024.07.24"]
[Round "6"]
[White "Schoenmakers, Nico"]
[Black "Niese, Dieter"]
[Result "1/2-1/2"]
[ECO "C01"]
[WhiteElo "1879"]
[BlackElo "1933"]
[Annotator ",martin-koller@seznam"]
[PlyCount "43"]
[TimeControl "240+2"]

{600MB, Fritz10.ctg} 1. e4 e6 2. d4 d5 3. exd5 exd5 4. Nf3 Bd6 5. h3 Ne7 6. Bd3
Bf5 7. O-O O-O 8. Re1 Bxd3 9. Qxd3 h6 10. Nbd2 Nd7 11. Nf1 c6 12. Bd2 Qc7 13.
Re2 Ng6 14. Qf5 Rad8 15. Rae1 Bf4 16. g3 Bxd2 17. N1xd2 Qc8 18. h4 Nf6 19. Qxc8
Rxc8 20. Ne5 Nxe5 21. Rxe5 Rfe8 22. f3 1/2-1/2

[Event "K12"]
[Site "?"]
[Date "2024.07.24"]
[Round "6"]
[White "Cisarik, Pavol"]
[Black "Tichy, Petr"]
[Result "0-1"]
[ECO "B22"]
[WhiteElo "1789"]
[BlackElo "1922"]
[Annotator ",martin-koller@seznam"]
[PlyCount "36"]
[TimeControl "240+2"]

{600MB, Fritz10.ctg} 1. e4 c5 2. c3 Nf6 3. e5 Nd5 4. d4 cxd4 5. Nf3 e6 6. cxd4
Nc6 7. Bc4 d6 8. O-O Be7 9. Nc3 Nxc3 10. bxc3 dxe5 11. dxe5 Qa5 12. Qe1 O-O 13.
Bf4 b6 14. Qe4 Bb7 15. Bd3 g6 16. Bh6 Rfd8 17. Nd4 Qxc3 18. Nxc6 Bxc6 0-1

[Event "K12"]
[Site "?"]
[Date "2024.07.24"]
[Round "6"]
[White "Wust, Klaus"]
[Black "Pokorny, Jan"]
[Result "1-0"]
[ECO "B51"]
[WhiteElo "1959"]
[BlackElo "1840"]
[Annotator ",martin-koller@seznam"]
[PlyCount "61"]
[TimeControl "240+2"]

{600MB, Fritz10.ctg} 1. e4 c5 2. Nf3 Nc6 3. Bb5 d6 4. O-O Bd7 5. Re1 Ne5 6.
Bxd7+ Qxd7 7. c3 g6 8. Nxe5 dxe5 9. Qe2 Bg7 10. a4 e6 11. Qb5 b6 12. Na3 Ne7
13. a5 Qxb5 14. Nxb5 Kd7 15. d3 a6 16. Na3 b5 17. Be3 Rhc8 18. Red1 f5 19. f3
Bf8 20. Rd2 Nc6 21. Nc2 Kc7 22. d4 exd4 23. cxd4 c4 24. d5 exd5 25. Bb6+ Kb8
26. exf5 Nb4 27. Nxb4 Bxb4 28. Rxd5 c3 29. bxc3 Bxc3 30. Rad1 gxf5 31. Rxf5 1-0

[Event "K12"]
[Site "?"]
[Date "2024.07.24"]
[Round "6"]
[White "Schunke, Oliver"]
[Black "Vlasak, Miloslav"]
[Result "0-1"]
[ECO "B25"]
[WhiteElo "1878"]
[BlackElo "1943"]
[Annotator ",martin-koller@seznam"]
[PlyCount "62"]
[TimeControl "240+2"]

{600MB, Fritz10.ctg} 1. Nc3 c5 2. Nf3 d6 3. g3 Nf6 4. Bg2 g6 5. O-O Bg7 6. d3
O-O 7. e4 Nc6 8. h3 a6 9. Be3 Rb8 10. Qd2 Re8 11. e5 Nd7 12. exd6 exd6 13. Bg5
f6 14. Bh6 Nde5 15. Bxg7 Kxg7 16. Nh2 Nd4 17. f4 Nec6 18. Nd5 Re2 19. Qd1 Rxc2
20. Re1 Qa5 21. Nc3 Rxb2 22. Bxc6 Qxc3 23. Re7+ Kf8 24. Re8+ Kf7 25. Rc1 Qd2
26. Qxd2 Rxd2 27. Rce1 Nxc6 28. g4 Bd7 29. R8e3 Re8 30. Nf3 Rxe3 31. Rxe3 Rxa2
0-1

[Event "K12"]
[Site "?"]
[Date "2024.07.24"]
[Round "6"]
[White "Von Borstel, Michael"]
[Black "Hager, Eberhard"]
[Result "1-0"]
[ECO "E51"]
[WhiteElo "1862"]
[BlackElo "1834"]
[Annotator ",martin-koller@seznam"]
[PlyCount "67"]
[TimeControl "240+2"]

{600MB, Fritz10.ctg} 1. c4 Nf6 2. Nc3 e6 3. d4 d5 4. e3 Bb4 5. a3 Bxc3+ 6. bxc3
O-O 7. Nf3 Nbd7 8. Qc2 h6 9. cxd5 exd5 10. c4 c6 11. a4 b6 12. Bd3 Ba6 13. O-O
Re8 14. Ba3 Rc8 15. Rfc1 Bxc4 16. Bxc4 dxc4 17. Qxc4 c5 18. Qa6 Ra8 19. dxc5
Nxc5 20. Bxc5 bxc5 21. Rxc5 Ne4 22. Rc2 Re7 23. Rac1 Kh7 24. Nd4 Rd7 25. g3 g6
26. Qc6 Ng5 27. Kg2 Rd6 28. Qc7 Rxd4 29. exd4 Qd5+ 30. Kg1 Re8 31. Qc6 Nh3+ 32.
Kf1 Qd8 33. Qc8 Qe7 34. Qxh3 1-0

[Event "M11"]
[Site "?"]
[Date "2024.07.25"]
[Round "7"]
[White "Nilsson, Patrik"]
[Black "Svoboda, Daniel"]
[Result "1-0"]
[ECO "D04"]
[WhiteElo "2095"]
[BlackElo "1920"]
[Annotator ",martin-koller@seznam"]
[PlyCount "65"]
[TimeControl "240+2"]

{600MB, Fritz10.ctg} 1. d4 d5 2. Nf3 Nf6 3. e3 c5 4. b3 g6 5. Bb2 Bg7 6. Be2
O-O 7. O-O b6 8. c4 cxd4 9. Nxd4 Bb7 10. Bf3 Ne4 11. cxd5 Bxd5 12. Qc2 Nc5 13.
b4 Bxf3 14. bxc5 Bd5 15. Rd1 bxc5 16. Nb5 Be4 17. Rxd8 Rxd8 18. Qa4 Bxb2 19.
N1c3 Bxa1 20. Qxe4 a6 21. Qxa8 axb5 22. Qa5 Nc6 23. Qxb5 Bxc3 24. g3 Nb4 25. a4
Nd3 26. a5 Bxa5 27. Qxa5 Rb8 28. Qc7 Rb1+ 29. Kg2 Rb2 30. Qd8+ Kg7 31. Qxd3 Rb6
32. Qc3+ Rf6 33. Qxc5 1-0

[Event "M11"]
[Site "?"]
[Date "2024.07.25"]
[Round "7"]
[White "Zwick, Hubert"]
[Black "Hansch, Stephan"]
[Result "0-1"]
[ECO "D74"]
[WhiteElo "2018"]
[BlackElo "2150"]
[Annotator ",martin-koller@seznam"]
[PlyCount "141"]
[TimeControl "240+2"]

{600MB, Fritz10.ctg} 1. d4 d5 2. Nf3 Nf6 3. g3 g6 4. Bg2 Bg7 5. O-O O-O 6. c4
c6 7. cxd5 Nxd5 8. Nc3 Bg4 9. h3 Bxf3 10. Bxf3 Nb6 11. e3 Qc8 12. Bg2 Rd8 13.
Qe2 Na6 14. Bd2 e5 15. dxe5 Bxe5 16. Rfd1 Qe6 17. Be1 Nc5 18. Rxd8+ Rxd8 19.
Rd1 Rd6 20. Rxd6 Qxd6 21. Ne4 Qd3 22. Qxd3 Nxd3 23. Bc3 Bxc3 24. bxc3 Nc1 25.
Nd6 Ne2+ 26. Kf1 Nxc3 27. Nxb7 Nxa2 28. Bxc6 Nb4 29. Bb5 Kg7 30. e4 Nc2 31. f4
Nd4 32. Ba6 Kf6 33. Kf2 g5 34. e5+ Kg7 35. fxg5 Nc6 36. Nd6 Nxe5 37. Nb5 Nd3+
38. Ke3 Nc5 39. Nxa7 Nxa6 40. Nc6 Nc5 41. h4 Ne6 42. Ke4 Nc4 43. Kd3 Nd6 44.
Ke3 Nf5+ 45. Kf2 f6 46. gxf6+ Kxf6 47. Kg2 Nfd4 48. Nb4 Ke5 49. Nd3+ Ke4 50.
Nf2+ Kf5 51. Nd3 Nc6 52. Nf2 Ne5 53. Kh3 Nc5 54. Nd1 h5 55. Ne3+ Ke4 56. g4
Kxe3 57. gxh5 Kf3 58. h6 Ng4 59. h5 Nxh6 60. Kh4 Ne4 61. Kh3 Ng5+ 62. Kh4 Ne4
63. Kh3 Kf2 64. Kh4 Ke3 65. Kh3 Kf3 66. Kh4 Nf5+ 67. Kh3 Ng5+ 68. Kh2 Kf2 69.
h6 Nh4 70. h7 Nhf3+ 71. Kh1 0-1

[Event "M11"]
[Site "?"]
[Date "2024.07.25"]
[Round "7"]
[White "Verner, Matej"]
[Black "Hanl, Frantisek"]
[Result "1-0"]
[ECO "B13"]
[WhiteElo "2067"]
[BlackElo "2098"]
[Annotator ",martin-koller@seznam"]
[PlyCount "71"]
[TimeControl "240+2"]

{600MB, Fritz10.ctg} 1. e4 c6 2. d4 d5 3. exd5 cxd5 4. Bd3 Nc6 5. c3 Nf6 6. Bf4
g6 7. Nd2 Bg7 8. Ngf3 Nh5 9. Be3 f5 10. Nb3 O-O 11. O-O f4 12. Bd2 Qd6 13. Re1
Bg4 14. Be2 Rae8 15. h3 Bc8 16. Nc1 Kh8 17. Nd3 Bf5 18. Nfe5 Bxd3 19. Nxd3 e5
20. Bxh5 gxh5 21. dxe5 Nxe5 22. Bxf4 Rf5 23. Nxe5 Bxe5 24. Bxe5+ Rfxe5 25. Qd4
Kg8 26. Rxe5 Rxe5 27. c4 Re4 28. Qxd5+ Qxd5 29. cxd5 Re2 30. b3 b5 31. b4 Rd2
32. a4 Rxd5 33. axb5 Rxb5 34. Rxa7 Rxb4 35. g3 h4 36. g4 neèitlené 1-0

[Event "K11"]
[Site "?"]
[Date "2024.07.25"]
[Round "7"]
[White "Lampe, Thomas"]
[Black "Pranner, Marion"]
[Result "1-0"]
[ECO "C34"]
[WhiteElo "1926"]
[BlackElo "2055"]
[Annotator ",martin-koller@seznam"]
[PlyCount "37"]
[TimeControl "240+2"]

{600MB, Fritz10.ctg} 1. e4 e5 2. f4 Nc6 3. Nf3 exf4 4. Bc4 d6 5. d4 Be6 6. d5
Bxd5 7. Bxd5 Qf6 8. Nc3 O-O-O 9. g3 fxg3 10. Bg5 Qg6 11. Bxc6 bxc6 12. Bxd8 g2
13. Rg1 Kxd8 14. Qd2 Nh6 15. O-O-O Be7 16. Rxg2 Qh5 17. Nd4 Qe5 18. Qe2 Kd7 19.
Qc4 1-0

[Event "K11"]
[Site "?"]
[Date "2024.07.25"]
[Round "7"]
[White "Thalheim, Peter"]
[Black "Schimmer, Michael"]
[Result "1-0"]
[ECO "A17"]
[WhiteElo "1866"]
[BlackElo "1861"]
[Annotator ",martin-koller@seznam"]
[PlyCount "67"]
[TimeControl "240+2"]

{600MB, Fritz10.ctg} 1. c4 e6 2. Nc3 d5 3. cxd5 exd5 4. d4 c6 5. g3 Nf6 6. Bg5
Be7 7. Bg2 Nbd7 8. e3 h6 9. Bxf6 Nxf6 10. Nge2 Bf5 11. O-O Qd7 12. f3 O-O 13.
e4 dxe4 14. fxe4 Bg4 15. Bf3 Bh3 16. Bg2 Bxg2 17. Kxg2 Ng4 18. Qd2 Bg5 19. Nf4
Rad8 20. Rad1 f5 21. h3 Ne5 22. Qe2 Nf7 23. Ng6 Rfe8 24. h4 Be7 25. e5 Bb4 26.
Qh5 Bxc3 27. bxc3 Qd5+ 28. Kh3 Qxa2 29. Qxf5 a5 30. d5 Nh8 31. e6 Nxg6 32. Qxg6
Re7 33. Rf7 Rde8 34. Qxg7# 1-0

[Event "K11"]
[Site "?"]
[Date "2024.07.25"]
[Round "7"]
[White "Docekalova, Alexandra"]
[Black "Feierfeil, Jiri"]
[Result "1-0"]
[ECO "D02"]
[WhiteElo "1979"]
[BlackElo "1738"]
[Annotator ",martin-koller@seznam"]
[PlyCount "61"]
[TimeControl "240+2"]

{600MB, Fritz10.ctg} 1. Nf3 c5 2. d4 cxd4 3. Nxd4 Nf6 4. g3 d5 5. Bg2 e6 6. O-O
Be7 7. b3 O-O 8. Bb2 b6 9. c4 Bb7 10. Nd2 Qd7 11. Rc1 Nc6 12. cxd5 Nxd4 13.
Bxd4 Bxd5 14. Bxd5 Nxd5 15. Nf3 Rfc8 16. Ne5 Qb7 17. Qd2 Rxc1 18. Rxc1 Rc8 19.
h4 f6 20. Nf3 Ba3 21. Bb2 Bb4 22. Qd3 Rxc1+ 23. Bxc1 Qc7 24. Bb2 Kf7 25. Qxh7
e5 26. Qe4 Qc5 27. a3 Bc3 28. b4 Qd6 29. Bxc3 Nxc3 30. Qc4+ Nd5 31. e4 1-0

[Event "K11"]
[Site "?"]
[Date "2024.07.25"]
[Round "7"]
[White "Rull, Michael"]
[Black "Korenek, Frantisek"]
[Result "0-1"]
[ECO "D00"]
[WhiteElo "1842"]
[BlackElo "1886"]
[Annotator ",martin-koller@seznam"]
[PlyCount "93"]
[TimeControl "240+2"]

{600MB, Fritz10.ctg} 1. d4 Nf6 2. Nc3 d5 3. Bf4 c6 4. Nf3 Bf5 5. Ne5 Nbd7 6. e3
e6 7. f3 Nxe5 8. Bxe5 Bd6 9. g4 Bg6 10. h4 h6 11. Bd3 Bxd3 12. Qxd3 Bxe5 13.
dxe5 Nd7 14. f4 Qa5 15. O-O-O O-O-O 16. Kb1 h5 17. g5 g6 18. Qd4 Kb8 19. Rh2
Nb6 20. b3 c5 21. Qd2 Rc8 22. Ne4 Qxd2 23. Nxd2 c4 24. Nf3 cxb3 25. cxb3 Rc3
26. Re2 Rhc8 27. Rdd2 a6 28. Rc2 Nd7 29. Kb2 Rxc2+ 30. Rxc2 Nc5 31. Kc3 Ne4+
32. Kd3 Ng3 33. Nd4 Rxc2 34. Kxc2 Kc7 35. b4 Kd7 36. a3 Kc7 37. Kd3 Kb6 38. Kc2
a5 39. Kd3 axb4 40. axb4 Nf5 41. Nxf5 gxf5 42. Kc3 Kc6 43. Kb2 Kb5 44. Kb3 b6
45. Ka3 Kc4 46. Ka4 Kd3 47. Kb5 0-1

[Event "K12"]
[Site "?"]
[Date "2024.07.25"]
[Round "7"]
[White "Hager, Eberhard"]
[Black "Cisarik, Pavol"]
[Result "0-1"]
[ECO "C56"]
[WhiteElo "1834"]
[BlackElo "1789"]
[Annotator ",martin-koller@seznam"]
[PlyCount "44"]
[TimeControl "240+2"]

{600MB, Fritz10.ctg} 1. e4 e5 2. Nf3 Nc6 3. Bc4 Nf6 4. d4 exd4 5. Nxd4 Nxe4 6.
O-O d5 7. Bb5 Bd7 8. Re1 Qf6 9. Nxc6 Qxf2+ 10. Kh1 bxc6 11. Bd3 f5 12. Nd2 Bc5
13. Nf3 O-O 14. Bxe4 fxe4 15. Re2 Qxe2 16. Qxe2 exf3 17. gxf3 Rae8 18. Qf1 Bg4
19. f4 Re1 20. Bd2 Rxf1+ 21. Rxf1 Re8 22. b4 Be3 0-1

[Event "K12"]
[Site "?"]
[Date "2024.07.25"]
[Round "7"]
[White "Niese, Dieter"]
[Black "Von Borsten, Michael"]
[Result "1/2-1/2"]
[ECO "C02"]
[WhiteElo "1933"]
[BlackElo "1862"]
[Annotator ",martin-koller@seznam"]
[PlyCount "59"]
[TimeControl "240+2"]

{600MB, Fritz10.ctg} 1. e4 e6 2. d4 d5 3. e5 c5 4. c3 Nc6 5. Nf3 cxd4 6. cxd4
Bb4+ 7. Nc3 a6 8. Bd3 h6 9. O-O Nge7 10. a3 Ba5 11. b4 Bc7 12. Qc2 Nf5 13. Be3
Nce7 14. Rac1 Bb6 15. Na4 Bd7 16. Nxb6 Qxb6 17. Qb3 Bb5 18. Rc5 Bxd3 19. Qxd3
O-O 20. g4 Nxe3 21. fxe3 a5 22. b5 Rac8 23. Rfc1 Qd8 24. a4 b6 25. R5c2 Qd7 26.
Kg2 Rxc2+ 27. Rxc2 Rc8 28. Nd2 Rxc2 29. Qxc2 Qc8 30. Qxc8+ 1/2-1/2

[Event "K11"]
[Site "?"]
[Date "2024.07.25"]
[Round "7"]
[White "Marsalek, Lubos"]
[Black "Thomasson, Staffan"]
[Result "1-0"]
[ECO "A34"]
[WhiteElo "1914"]
[BlackElo "1871"]
[Annotator ",martin-koller@seznam"]
[PlyCount "89"]
[TimeControl "240+2"]

{600MB, Fritz10.ctg} 1. Nf3 Nf6 2. c4 c5 3. g3 d5 4. cxd5 Nxd5 5. Bg2 Nc6 6.
Nc3 e5 7. d3 Be7 8. O-O O-O 9. Qb3 Nc7 10. Bd2 Rb8 11. Rac1 Be6 12. Qd1 Bg4 13.
h3 Bh5 14. a3 Qd7 15. Kh2 Ne6 16. Be3 f5 17. Na4 b6 18. b4 f4 19. Bd2 g5 20.
Bc3 Bd6 21. bxc5 bxc5 22. g4 Be8 23. Nb2 h5 24. Nc4 hxg4 25. Nfxe5 Nxe5 26.
Nxe5 Qc7 27. Bd5 Bf7 28. Nxf7 Qxf7 29. f3 gxh3 30. Rg1 Kh7 31. Qf1 Qh5 32. Bxe6
Rbe8 33. Qxh3 Qxh3+ 34. Bxh3 Rxe2+ 35. Rg2 Re3 36. Bg4 Rxd3 37. Rd2 c4 38. Rxd3
cxd3 39. Rd1 Bxa3 40. Rxd3 Kg6 41. Be5 Bc5 42. Rc3 Bb6 43. Rc6+ Kh7 44. Bh5 Rd8
45. Kh3 1-0

[Event "K12"]
[Site "?"]
[Date "2024.07.25"]
[Round "7"]
[White "Pokorny, Jan"]
[Black "Schoenmakers, Nico"]
[Result "0-1"]
[ECO "D05"]
[WhiteElo "1840"]
[BlackElo "1879"]
[Annotator ",martin-koller@seznam"]
[PlyCount "80"]
[TimeControl "240+2"]

{600MB, Fritz10.ctg} 1. d4 d5 2. Nf3 e6 3. b3 Nf6 4. e3 Be7 5. Be2 O-O 6. O-O
Nbd7 7. Bb2 c5 8. Nbd2 b6 9. c4 Bb7 10. Bd3 Rc8 11. Qe2 h6 12. Rfc1 Ne4 13. Rc2
f5 14. cxd5 exd5 15. Ba6 Rc7 16. Rac1 Bxa6 17. Qxa6 Qc8 18. Qe2 Qd8 19. dxc5
Rxc5 20. Nxe4 dxe4 21. Nd4 Qa8 22. Ne6 Rxc2 23. Qxc2 Rf7 24. Qc4 Bf6 25. Bxf6
Nxf6 26. h3 Qe8 27. Rd1 b5 28. Qe2 Qxe6 29. Rd8+ Kh7 30. Qxb5 Qb6 31. Qxf5+ g6
32. Qc8 Qc7 33. Qa8 Qb7 34. Rh8+ Kg7 35. Qd8 Qe7 36. Qa8 g5 37. g4 Qd7 38. Kg2
Qd1 39. Qd8 Qf3+ 40. Kg1 Qxh3 0-1

[Event "K12"]
[Site "?"]
[Date "2024.07.25"]
[Round "7"]
[White "Vlasak, Miloslav"]
[Black "Wust, Klaus"]
[Result "1/2-1/2"]
[ECO "A13"]
[WhiteElo "1943"]
[BlackElo "1959"]
[Annotator ",martin-koller@seznam"]
[PlyCount "88"]
[TimeControl "240+2"]

{600MB, Fritz10.ctg} 1. c4 e6 2. Nf3 Nf6 3. g3 d5 4. cxd5 exd5 5. Bg2 Bd6 6.
O-O O-O 7. d3 c6 8. e3 Bg4 9. Nbd2 Nbd7 10. Qc2 Re8 11. b3 Qe7 12. Bb2 Ba3 13.
Bxa3 Qxa3 14. Qc3 Qc5 15. Rfc1 Qxc3 16. Rxc3 a5 17. h3 Bf5 18. g4 Bg6 19. Nh4
h6 20. Nxg6 fxg6 21. Rc2 g5 22. e4 dxe4 23. Nxe4 Nxe4 24. Bxe4 Nf6 25. f3 a4
26. Rc3 Red8 27. b4 Nd5 28. Bxd5+ Rxd5 29. a3 Re8 30. Kf2 Rde5 31. Ra2 Re1 32.
Rd2 Rh1 33. Rcc2 Ree1 34. Ra2 Ra1 35. Ke3 Rxa2 36. Rxa2 Kf7 37. Kd4 Rc1 38. Ke3
Ke6 39. f4 gxf4+ 40. Kxf4 Rh1 41. Re2+ Kd6 42. Re3 Rf1+ 43. Ke4 Rb1 44. d4 Rb3
1/2-1/2

[Event "K12"]
[Site "?"]
[Date "2024.07.25"]
[Round "7"]
[White "Tichy, Petr"]
[Black "Schunke, Oliver"]
[Result "1-0"]
[ECO "A05"]
[WhiteElo "1922"]
[BlackElo "1978"]
[Annotator ",martin-koller@seznam"]
[PlyCount "101"]
[TimeControl "240+2"]

{600MB, Fritz10.ctg} 1. Nf3 c5 2. b3 g6 3. Bb2 Nf6 4. g3 Bg7 5. Bg2 O-O 6. O-O
d5 7. d4 cxd4 8. Bxd4 Nc6 9. Bb2 Bg4 10. h3 Bxf3 11. exf3 Re8 12. f4 e6 13. Nd2
Rc8 14. Rc1 Qa5 15. a3 Red8 16. Qe2 Qb6 17. c4 d4 18. Qd3 a5 19. c5 Qc7 20. Qc4
Rd7 21. Bxc6 Qxc6 22. Bxd4 Rcd8 23. Bxf6 Bxf6 24. Nb1 Rd4 25. Qe2 Qd7 26. Qe1
Rd3 27. b4 Qd4 28. Kh2 h5 29. h4 Rd5 30. bxa5 Bxh4 31. Nc3 Rxc5 32. Ne2 Rxc1
33. Qxc1 Qe4 34. Qc8+ Kg7 35. Qc2 Qd5 36. gxh4 Qf3 37. Qb2+ Kh7 38. Ng3 Qxf4
39. Qxb7 Qxh4+ 40. Kg2 Qf6 41. a6 Rxa3 42. a7 Qd8 43. Qxf7+ Kh6 44. Qxe6 Qa8+
45. Kh2 Qxa7 46. Nf5+ Kh7 47. Ne7 Qc7+ 48. Kg2 Qb7+ 49. Kg1 Ra6 50. Qf7+ Kh6
51. Ng8+ 1-0

[Event "M11"]
[Site "?"]
[Date "2024.07.25"]
[Round "8"]
[White "Tesar, Jakub"]
[Black "Zwick, Hubert"]
[Result "1-0"]
[ECO "D20"]
[WhiteElo "2064"]
[BlackElo "2018"]
[Annotator ",martin-koller@seznam"]
[PlyCount "41"]
[TimeControl "240+2"]

{600MB, Fritz10.ctg} 1. d4 d5 2. c4 dxc4 3. e4 b5 4. a4 c6 5. axb5 cxb5 6. Nc3
Qb6 7. Nd5 Qb7 8. Bf4 e5 9. Bxe5 Nd7 10. Bf4 Ngf6 11. Nc7+ Kd8 12. Nxa8 Qxe4+
13. Ne2 Bb4+ 14. Bd2 Nd5 15. Rxa7 Re8 16. Nc7 c3 17. bxc3 Nxc3 18. f3 Qd3 19.
Bg5+ f6 20. Qxd3 Ne4+ 21. Bd2 1-0

[Event "M11"]
[Site "?"]
[Date "2024.07.25"]
[Round "8"]
[White "Hansch, Stephan"]
[Black "Nilsson, Patrik"]
[Result "1/2-1/2"]
[ECO "A88"]
[WhiteElo "2150"]
[BlackElo "2095"]
[Annotator ",martin-koller@seznam"]
[PlyCount "35"]
[TimeControl "240+2"]

{600MB, Fritz10.ctg} 1. d4 f5 2. c4 Nf6 3. Nf3 g6 4. g3 Bg7 5. Bg2 O-O 6. Nc3
d6 7. O-O Qe8 8. b3 Na6 9. Ba3 c6 10. Qd3 Rb8 11. Rae1 b5 12. cxb5 cxb5 13. b4
Bb7 14. Ng5 Bxg2 15. Kxg2 Nc7 16. Bb2 e6 17. Nf3 Qf7 18. a3 1/2-1/2

[Event "M11"]
[Site "?"]
[Date "2024.07.26"]
[Round "8"]
[White "Melerowicz, Thomas"]
[Black "Verner, Matej"]
[Result "1/2-1/2"]
[ECO "D05"]
[WhiteElo "2017"]
[BlackElo "2067"]
[Annotator ",martin-koller@seznam"]
[PlyCount "71"]
[TimeControl "240+2"]

{600MB, Fritz10.ctg} 1. d4 d5 2. Nf3 Nf6 3. e3 e6 4. Nbd2 c5 5. c3 Nc6 6. Bd3
b6 7. O-O Bd6 8. e4 dxe4 9. Nxe4 Nxe4 10. Bxe4 Bb7 11. Qa4 Qc7 12. Ne5 Bxe5 13.
dxe5 O-O 14. Bf4 Ne7 15. Bxb7 Qxb7 16. Rad1 b5 17. Qc2 Nd5 18. Qe4 c4 19. Rd4
Qe7 20. Qf3 Kh8 21. Qh5 Nxf4 22. Rxf4 Rad8 23. Rd1 Rd3 24. Rxd3 cxd3 25. Rd4
Rd8 26. Qd1 Rxd4 27. cxd4 Qb4 28. Qxd3 Qxb2 29. g3 g6 30. d5 exd5 31. Qxd5 Kg7
32. Kg2 Qe2 33. Qd4 Kg8 34. Qd8+ Kg7 35. Qf6+ Kg8 36. Qd8+ 1/2-1/2

[Event "M11"]
[Site "?"]
[Date "2024.07.25"]
[Round "8"]
[White "Hanl, Frantisek"]
[Black "Aubrecht, Petr"]
[Result "1-0"]
[ECO "A01"]
[WhiteElo "2098"]
[BlackElo "1984"]
[Annotator ",martin-koller@seznam"]
[PlyCount "75"]
[TimeControl "240+2"]

{600MB, Fritz10.ctg} 1. b3 e5 2. Bb2 Nc6 3. c4 Nf6 4. Nc3 Be7 5. g3 O-O 6. Bg2
d6 7. e4 Nb4 8. Qb1 Ng4 9. f3 Nh6 10. Nge2 f5 11. d3 Bg5 12. Nd5 Nc6 13. h4 Bf6
14. Qc2 a5 15. a3 Nd4 16. Nxd4 exd4 17. O-O-O c5 18. Kb1 Bd7 19. Bc1 Nf7 20. a4
Ne5 21. f4 Nc6 22. Rde1 Ra7 23. Ba3 Nb4 24. Bxb4 axb4 25. e5 Be7 26. Bf3 Kh8
27. Qg2 Bxa4 28. bxa4 Rxa4 29. Qb2 Qa5 30. Bd1 Ra3 31. Bb3 Bd8 32. exd6 b5 33.
Re6 bxc4 34. dxc4 Bf6 35. Rhe1 Qd8 36. Nxf6 gxf6 37. Qc2 Qa5 38. Kb2 neèitelné 1-0

[Event "M11"]
[Site "?"]
[Date "2024.07.25"]
[Round "8"]
[White "Giertli, Vladimir"]
[Black "Svoboda, Daniel"]
[Result "0-1"]
[ECO "B51"]
[WhiteElo "1959"]
[BlackElo "1920"]
[Annotator ",martin-koller@seznam"]
[PlyCount "110"]
[TimeControl "240+2"]

{600MB, Fritz10.ctg} 1. e4 c5 2. Nf3 d6 3. Bb5+ Nd7 4. O-O a6 5. Bxd7+ Bxd7 6.
d4 cxd4 7. Nxd4 Nf6 8. Re1 g6 9. c3 Bg7 10. Bg5 h6 11. Bh4 O-O 12. Na3 Rc8 13.
e5 dxe5 14. Rxe5 e6 15. Re3 Qb6 16. Re2 Nd5 17. Rd2 Bf6 18. Bxf6 Nxf6 19. Qf3
Kg7 20. Rad1 e5 21. Ne2 Bc6 22. Qg3 Rfe8 23. Nc4 Qc5 24. Nd6 Ne4 25. Nxe4 Bxe4
26. Qh4 Bc6 27. Rd6 Qb5 28. Ng3 e4 29. Qf6+ Kg8 30. h4 h5 31. Nf1 Qxb2 32. g4
Qe2 33. gxh5 e3 34. Ng3 Qf3 35. Qxf3 Bxf3 36. Re1 exf2+ 37. Kxf2 Rxe1 38. Kxe1
Bxh5 39. Kd2 Rc4 40. Rd4 Rxd4+ 41. cxd4 Bf3 42. Ke3 Bd5 43. a3 Kg7 44. Ne2 Kf6
45. Kf4 b5 46. Nc3 Bc4 47. Ke4 Ke6 48. d5+ Kd6 49. Kd4 f5 50. a4 b4 51. Kxc4
bxc3 52. Kxc3 Kxd5 53. Kd3 a5 54. Ke3 Ke5 55. Kf3 f4 0-1

[Event "K11"]
[Site "?"]
[Date "2024.07.25"]
[Round "8"]
[White "Feierfel, Jiri"]
[Black "Marsalek, Lubos"]
[Result "1/2-1/2"]
[ECO "D05"]
[WhiteElo "1738"]
[BlackElo "1914"]
[Annotator ",martin-koller@seznam"]
[PlyCount "25"]
[TimeControl "240+2"]

{600MB, Fritz10.ctg} 1. d4 d5 2. Nf3 Nf6 3. e3 e6 4. Bd3 c5 5. c3 Nc6 6. Nbd2
Be7 7. O-O O-O 8. Qe2 c4 9. Bc2 b5 10. e4 b4 11. e5 Nd7 12. Ba4 Bb7 13. Nb1
1/2-1/2

[Event "K11"]
[Site "?"]
[Date "2024.07.25"]
[Round "8"]
[White "Thalheim, Peter"]
[Black "Lampe, Thomas"]
[Result "0-1"]
[ECO "A22"]
[WhiteElo "1866"]
[BlackElo "1926"]
[Annotator ",martin-koller@seznam"]
[PlyCount "46"]
[TimeControl "240+2"]

{600MB, Fritz10.ctg} 1. c4 e5 2. Nc3 Nf6 3. g3 d5 4. cxd5 Nxd5 5. Bg2 Be6 6. e4
Nb4 7. d4 Qxd4 8. Qxd4 exd4 9. Nb5 Nc2+ 10. Kd1 Nxa1 11. Nxc7+ Kd7 12. Bf4 Bd6
13. Bxd6 Kxd6 14. Nxa8 Nc6 15. f4 Rxa8 16. e5+ Kc7 17. a3 Rd8 18. Be4 d3 19.
Nf3 d2 20. Bc2 Nxc2 21. Kxc2 d1=Q+ 22. Rxd1 Rxd1 23. Kxd1 Bg4 0-1

[Event "K11"]
[Site "?"]
[Date "2024.07.25"]
[Round "8"]
[White "Schimmer, Michael"]
[Black "Korenek, Frantisek"]
[Result "0-1"]
[ECO "B40"]
[WhiteElo "1861"]
[BlackElo "1886"]
[Annotator ",martin-koller@seznam"]
[PlyCount "64"]
[TimeControl "240+2"]

{600MB, Fritz10.ctg} 1. e4 c5 2. Nf3 e6 3. d4 cxd4 4. Nxd4 Nf6 5. Nc3 a6 6. e5
Ng8 7. Bf4 f5 8. Qd2 Nc6 9. Nxc6 bxc6 10. Bc4 Bb4 11. Rd1 Qa5 12. O-O Ne7 13.
a3 Bxc3 14. bxc3 Nd5 15. Bxd5 cxd5 16. Qe2 O-O 17. Rd3 Qxa3 18. Rg3 Rf7 19. Qh5
Qf8 20. Rh3 g6 21. Rg3 Qg7 22. Qh4 h5 23. Re1 Kh7 24. Rg5 Rb8 25. h3 Qf8 26.
Re3 Rg7 27. Rxh5+ gxh5 28. Qxh5+ Kg8 29. Bh6 Qf7 30. Qh4 Rg6 31. Qd8+ Kh7 32.
Bg5 Rg8 0-1

[Event "K11"]
[Site "?"]
[Date "2024.07.25"]
[Round "8"]
[White "Planner, Marion"]
[Black "Docekalova, Alexandra"]
[Result "0-1"]
[ECO "C01"]
[WhiteElo "2055"]
[BlackElo "1979"]
[Annotator ",martin-koller@seznam"]
[PlyCount "76"]
[TimeControl "240+2"]

{600MB, Fritz10.ctg} 1. e4 e6 2. d4 d5 3. exd5 Qxd5 4. Nc3 Qd8 5. Bc4 c6 6. a3
Nf6 7. Nf3 Be7 8. O-O O-O 9. Re1 Nbd7 10. Ne4 b5 11. Bd3 Bb7 12. Be3 Nxe4 13.
Bxe4 Nf6 14. Bd3 a6 15. Ne5 Qd5 16. Qf3 Qxf3 17. Nxf3 Nd5 18. c4 Nxe3 19. fxe3
bxc4 20. Bxc4 c5 21. Rad1 Rfd8 22. Ne5 cxd4 23. exd4 Bd5 24. Bxd5 Rxd5 25. Nf3
Bf6 26. Re2 Rad8 27. Red2 h5 28. h3 a5 29. b4 axb4 30. axb4 Rb8 31. Rb1 Rdb5
32. Rdb2 Be7 33. Ne5 Rxb4 34. Rxb4 Rxb4 35. Rf1 Bf6 36. Nc6 Rc4 37. Ne5 Bxe5
38. dxe5 Re4 0-1